 Dungeon Crawl Stone Soup version 0.24-a0-580-g6a6c3f83c1 (webtiles) character file.

Game seed: 5316088582725264097

27923 Flugkiller the Destroyer (level 13, -3/83 HPs)
             Began as an Octopode Conjurer on Aug 21, 2019.
             Was an Elder of Sif Muna.
             Slain by an elephant (17 damage)
             ... on level 3 of the Lair of Beasts.
             The game lasted 00:48:13 (24489 turns).

Flugkiller the Destroyer (Octopode Conjurer)       Turns: 24489, Time: 00:48:14

Health: -3/83      AC:  2    Str:  6    XL:     13   Next: 35%
Magic:  2/22       EV: 18    Int: 24    God:    Sif Muna [****..]
Gold:   688        SH:  5    Dex: 12    Spells: 13/24 levels left

rFire    + . .     SeeInvis .   n - +3 short sword (elec)
rCold    . . .     Gourm    .   E - +0 buckler
rNeg     . . .     Faith    +   P - +1 hat
rPois    +         Spirit   .   k - amulet of faith
rElec    .         Reflect  .   o - ring of poison resistance
rCorr    .         Harm     .   H - ring of protection from fire
MR       .....                  (no ring)
Stlth    ++++......             (no ring)
HPRegen  0.23/turn              (no ring)
MPRegen  0.18/turn              (no ring)
                                (no ring)
                                (no ring)

@: no status effects
A: almost no armour, stealthy swim, amphibious, 8 rings, constrict 8, antennae
1, camouflage 1, blink, clever 1, weak 1, gelatinous body 1
a: Blink, Channel Magic, Forget Spell, Divine Exegesis, Renounce Religion


You were on level 3 of the Lair of Beasts.
You worshipped Sif Muna.
Sif Muna was greatly pleased with you.
You were not hungry.

You visited 3 branches of the dungeon, and saw 15 of its levels.
You also visited: Sewer.

You collected 710 gold pieces.
You spent 22 gold pieces at shops.

Inventory:

Hand Weapons
 b - a +0 dagger of venom
   (You took it off a goblin on level 1 of the Dungeon)
 n - a +3 short sword of electrocution (weapon)
   (You took it off a kobold on level 2 of the Dungeon)
 F - a +0 longbow
   (You found it on level 7 of the Dungeon)
 Q - a +0 demon trident of pain
   (You took it off Urug on level 2 of the Lair of Beasts)
Missiles
 c - 191 arrows
 p - 8 boomerangs (quivered)
 t - 8 atropa-tipped darts
Armour
 E - a +0 buckler (worn)
   (You took it off a spriggan on level 2 of the Lair of Beasts)
 P - a +1 hat (worn)
   (You took it off Gastronok on level 2 of the Lair of Beasts)
Jewellery
 k - an amulet of faith (around mantle)
   (You found it on level 2 of the Dungeon)
 o - a ring of poison resistance (left tentacle)
   (You found it on level 2 of the Dungeon)
 B - an uncursed amulet of guardian spirit
   (You took it off a gnoll on level 8 of the Dungeon)
 H - a ring of protection from fire (right tentacle)
   (You found it on level 8 of the Dungeon)
 L - an uncursed ring of fire
   (You took it off a spriggan on level 1 of the Lair of Beasts)
Wands
 u - a wand of polymorph (6)
   (You found it on level 8 of the Dungeon)
 J - a wand of paralysis (9)
   (You found it on level 10 of the Dungeon)
 N - a wand of flame (18)
   (You found it on level 2 of the Lair of Beasts)
 R - a wand of clouds (3)
   (You found it on level 3 of the Lair of Beasts)
Scrolls
 a - a scroll of fear
 g - 2 scrolls of enchant armour
 j - a scroll of teleportation
 l - 9 scrolls of remove curse
 v - 2 scrolls of enchant weapon
 x - 3 scrolls of magic mapping
 y - 2 scrolls of amnesia
 G - a scroll of brand weapon {unknown}
 I - a scroll of fog {unknown}
 M - a scroll of vulnerability
Potions
 d - 7 potions of curing
 e - 5 potions of might
 h - a potion of resistance
 i - a potion of cancellation
 m - 2 potions of brilliance
 q - 2 potions of berserk rage
 r - 4 potions of haste
 s - 6 potions of heal wounds
 w - a potion of ambrosia
 z - 2 potions of invisibility
 A - 3 potions of flight
 D - a potion of magic
 K - a potion of agility
Comestibles
 f - 18 rations


   Skills:
 - Level 6.0 Fighting
 + Level 9.8 Dodging
 - Level 5.0 Stealth
 - Level 4.0 Shields
 - Level 6.0 Spellcasting
 - Level 14.0 Conjurations
 - Level 6.0 Hexes
 - Level 8.2 Invocations
 - Level 5.0 Evocations


You had 13 spell levels left.
You knew the following spells:

 Your Spells              Type           Power        Failure   Level  Hunger
a - Magic Dart            Conj           ####         1%          1    None
b - Searing Ray           Conj           ######       1%          2    None
d - Iskenderun's Mystic   Conj           ######..     1%          4    ###....
e - Fulminant Prism       Conj/Hex       ######....   1%          4    ###....

Your spell library contained the following spells:

 Spells                   Type           Power        Failure   Level  Hunger
 Corona                   Hex            #####..      1%          1    None
 Sting                    Conj/Pois      ####         1%          1    None
 Confuse                  Hex            #####...     1%          3    #......
 Dazzling Spray           Conj/Hex       ######       1%          3    #......
 Stone Arrow              Conj/Erth      #####.       1%          3    #......
 Tukima's Dance           Hex            #####...     1%          3    #......
 Ensorcelled Hibernation  Hex/Ice        ###...       3%          2    None
 Mephitic Cloud           Conj/Pois/Air  ####....     3%          3    #......
 Force Lance              Conj/Tloc      #####...     4%          4    ###....
 Sandblast                Erth           #.....       8%          1    None
 Passwall                 Tmut/Erth      #.......     12%         2    None
 Poisonous Vapours        Pois/Air       #.....       12%         2    None
 Venom Bolt               Conj/Pois      #####.....   12%         5    #####..
 Olgreb's Toxic Radiance  Pois           #.......     61%         4    ###....
 Petrify                  Tmut/Erth      #.......     61%         4    ###....
 Lee's Rapid Deconstruct  Erth           #.........   91%         5    #####..


Dungeon Overview and Level Annotations

Branches:
Dungeon (10/15)            Temple (1/1) D:6            Lair (4/6) D:8
 Shoals (0/4) Lair:3       Spider (0/4) Lair:2          Orc (0/2) D:9
  Sewer (visited)

Altars:
Cheibriados
Dithmenos
Elyvilon
Kikubaaqudgha
Makhleb
Sif Muna
Trog
Yredelemnul
Zin
The Shining One
Beogh

Shops:
D:6 *   D:8 (


Innate Abilities, Weirdness & Mutations

You cannot wear most types of armour.
You are very stealthy in the water. (Stealth+)
You are amphibious.
You can wear up to eight rings at the same time.
You can use your tentacles to constrict eight enemies at once.
Your skin changes colour to match your surroundings (Stealth+).
Your rubbery body absorbs attacks. (AC +1, EV +1)
You have a pair of small antennae on your head.
You can translocate small distances at will.
Your mind is acute. (Int +2)
You are weak. (Str -2)


Message History

You are encased in ice.
A porcupine comes into view.
The rime drake completely misses you. The ice encasing you melts away.
The rime drake breathes ice at you. The flash freeze hits you!
* * * LOW HITPOINT WARNING * * *
You are encased in ice.
The elephant tramples you!
* * * LOW HITPOINT WARNING * * *
You stumble backwards!
There is a stone staircase leading up here.
The ice encasing you melts away. The elephant tramples you!
* * * LOW HITPOINT WARNING * * *
You hold your ground!
The elephant trunk-slaps you but does no damage.
You climb upwards.
There is a stone staircase leading down here.
Unknown command.
You blink.
You feel slightly more hungry.
Unknown command.
Unknown command.
Casting: Fulminant Prism (safe; 1% risk of failure)
Confirm with . or Enter, or press ? or * to list all spells.
Aiming: Fulminant Prism (safe; 1% risk of failure)
Press: ? - help, Dir - move target cursor You conjure a prism of explosive energy!
Your fulminant prism crackles loudly.
Your fulminant prism explodes!
The blast of energy engulfs the elephant!
The elephant is moderately wounded.
Unknown command.
Casting: Fulminant Prism (safe; 1% risk of failure)
Confirm with . or Enter, or press ? or * to list all spells.
Aiming: Fulminant Prism (safe; 1% risk of failure)
Press: ? - help, Dir - move target cursor You conjure a prism of explosive energy!
Your fulminant prism crackles loudly.
Your fulminant prism explodes!
The blast of energy engulfs the elephant!!
The elephant is heavily wounded.
Casting: Fulminant Prism (safe; 1% risk of failure)
Confirm with . or Enter, or press ? or * to list all spells.
Aiming: Fulminant Prism (safe; 1% risk of failure)
Press: ? - help, Dir - move target cursor You conjure a prism of explosive energy!
Your fulminant prism crackles loudly.
The elephant tramples you!
You die...

# #.....#...>........##.+####....
# #.....####.#.........#..###....
##.....#.#..##........#+##.##...
##...............................
...............................^.
.>...............................
.................................
.................................
###.............@................
##.#...P..#P....Y...####....##...
..##..PPP....P...*...# ####.##...
.......#.............#########...
.......#.....#.......##....P##...
..##..##.....##......##.....#....
..##..##.##..##.....###....#.#...
###....####...#.....##.....##....
###......[........(.###...P###...


You could see an elephant and a friendly fulminant prism.

Vanquished Creatures
  Gastronok (Lair:2)
  A hydra (Lair:2)
  Erica (D:8)
  A catoblepas (Lair:3)
  Urug (Lair:2)
  2 black mambas (Lair:3)
  6 elephants
  5 spiny frogs
  4 komodo dragons
  A queen bee (Lair:1)
  2 trolls
  2 hornets
  Prince Ribbit (D:9)
  9 blink frogs
  6 hippogriffs
  6 spriggans
  A wyvern (D:9)
  A human (D:7)
  15 yaks
  2 hungry ghosts
  3 hogs (D:7)
  A steam dragon (D:8)
  14 porcupines
  5 water moccasins
  4 ice beasts
  A sky beast (D:5)
  A hornet zombie (D:9)
  3 phantoms
  4 orc warriors
  A necrophage (D:9)
  7 ogres
  5 centaurs
  11 wolves
  9 crocodiles
  A big kobold (D:7)
  15 bullfrogs
  A gnoll sergeant (D:9)
  A water moccasin skeleton (D:7)
  4 scorpions
  26 killer bees (Lair:1)
  3 howler monkeys
  5 electric eels
  3 jellies
  2 crimson imps
  A centaur zombie (D:9)
  7 hounds
  4 bullfrog skeletons
  2 bullfrog zombies (D:9)
  9 orc priests
  6 iguanas
  Natasha (thrice) (D:3)
  10 orc wizards
  12 worker ants
  A killer bee zombie (D:8)
  A hound skeleton (D:5)
  A hound zombie (D:6)
  A howler monkey zombie (D:6)
  7 gnolls
  4 river rats (Sewer)
  11 adders
  2 shadow imps (D:5)
  4 oozes
  3 adder skeletons
  5 worms
  2 dart slugs
  11 leopard geckos
  64 orcs
  8 ball pythons
  8 bats
  11 giant cockroaches
  5 hobgoblins
  9 jackals
  10 kobolds
  3 quokkas
  9 frilled lizards
  9 goblins
  A jackal skeleton (D:6)
  A quokka zombie (D:5)
  14 rats
  A fulminant prism (Lair:4)
  3 fungi
461 creatures vanquished.

Vanquished Creatures (others)
  185 fulminant prisms
  5 fungi
  5 plants
195 creatures vanquished.

Grand Total: 656 creatures vanquished

Notes
Turn   | Place    | Note
-------+----------+-------------------------------------------
     0 | D:1      | Flugkiller the Octopode Conjurer began the quest for the
                  | Orb.
     0 | D:1      | Reached XP level 1. HP: 11/11 MP: 3/3
   147 | D:1      | Reached XP level 2. HP: 17/17 MP: 0/5
   254 | D:1      | Learned a level 2 spell: Searing Ray
  1055 | D:2      | Reached skill level 5 in Stealth
  1055 | D:2      | Reached XP level 3. HP: 21/21 MP: 1/6
  1715 | D:2      | Reached XP level 4. HP: 27/27 MP: 4/7
  1828 | D:2      | Learned a level 4 spell: Fulminant Prism
  2316 | D:3      | Noticed Natasha
  2480 | D:3      | Reached skill level 1 in Hexes
  2605 | D:3      | Reached XP level 5. HP: 31/31 MP: 6/9
  2780 | D:3      | Killed Natasha
  2939 | D:3      | Noticed a hungry ghost
  2965 | D:3      | Killed a hungry ghost
  2965 | D:3      | Reached skill level 5 in Conjurations
  2965 | D:3      | Reached XP level 6. HP: 34/36 MP: 1/11
  3080 | D:3      | Noticed Natasha
  3208 | D:3      | Killed Natasha
  3537 | D:3      | Noticed a phantom
  3631 | D:3      | Killed a phantom
  3631 | D:3      | Reached XP level 7. HP: 32/41 MP: 0/12
  4330 | D:4      | Found a burning altar of Makhleb.
  4389 | D:4      | Found a snail-covered altar of Cheibriados.
  4802 | D:4      | Reached skill level 6 in Conjurations
  4998 | D:4      | You fall into a shaft and drop 1 floor!
  4998 | D:5      | Entered Level 5 of the Dungeon
  5081 | D:4      | Reached XP level 8. HP: 31/46 MP: 11/15
  5206 | D:4      | Reached skill level 5 in Spellcasting
  5392 | D:3      | Noticed Natasha
  5401 | D:3      | Killed Natasha
  5547 | D:4      | Reached skill level 7 in Conjurations
  6073 | D:5      | Reached skill level 8 in Conjurations
  6379 | D:5      | Found a glowing silver altar of Zin.
  6379 | D:5      | Found an ancient bone altar of Kikubaaqudgha.
  6594 | D:5      | Reached skill level 9 in Conjurations
  6714 | D:5      | Found a basalt altar of Yredelemnul.
  6732 | D:5      | Reached XP level 9. HP: 27/51 MP: 10/16
  7302 | D:6      | Found Ephu's Assorted Antiques.
  7307 | D:6      | Bought a scroll labeled JOMPUA IMPU for 22 gold pieces
  7398 | D:6      | Reached skill level 10 in Conjurations
  7403 | D:6      | Found a staircase to the Ecumenical Temple.
  7421 | Temple   | Entered the Ecumenical Temple
  7429 | Temple   | Became a worshipper of Sif Muna the Loreminder
  7544 | D:6      | Found a glowing drain.
  7686 | Sewer    | Entered a sewer
  7722 | Sewer    | Reached skill level 1 in Invocations
  7810 | Sewer    | Reached * piety under Sif Muna
  8857 | D:7      | Learned a level 4 spell: Iskenderun's Mystic Blast
  9100 | D:7      | Reached ** piety under Sif Muna
  9100 | D:7      | Reached skill level 1 in Fighting
  9113 | D:7      | Reached skill level 11 in Conjurations
  9337 | D:7      | Reached XP level 10. HP: 29/63 MP: 1/17
 10262 | D:8      | Found a staircase to the Lair.
 10789 | D:8      | Reached skill level 5 in Fighting
 10934 | D:8      | Noticed Erica
 11290 | D:8      | Reached skill level 12 in Conjurations
 11443 | D:8      | Killed Erica
 11714 | D:8      | Found Qeisouth's Antique Weapon Shoppe.
 12126 | D:9      | Reached skill level 5 in Dodging
 12493 | D:9      | Noticed Prince Ribbit
 12533 | D:8      | Reached *** piety under Sif Muna
 12830 | D:9      | Reached XP level 11. HP: 48/71 MP: 14/18
 12940 | D:8      | Gained mutation: You can translocate small distances at
                  | will. [potion of mutation]
 12940 | D:8      | Gained mutation: You are weak. (Str -2) [potion of
                  | mutation]
 12940 | D:8      | Gained mutation: Your mind is acute. (Int +2) [potion of
                  | mutation]
 12940 | D:8      | Gained mutation: You have a pair of small antennae on your
                  | head. [potion of mutation]
 12958 | D:9      | Reached skill level 5 in Invocations
 13017 | D:9      | Killed Prince Ribbit
 13351 | D:9      | Reached **** piety under Sif Muna
 13531 | D:9      | Found a roughly hewn altar of Beogh.
 13531 | D:9      | Found a staircase to the Orcish Mines.
 13916 | D:10     | Entered Level 10 of the Dungeon
 14827 | D:10     | Reached skill level 5 in Hexes
 15179 | Lair:1   | Entered Level 1 of the Lair of Beasts
 15312 | Lair:1   | Reached skill level 1 in Evocations
 15725 | Lair:1   | Reached ***** piety under Sif Muna
 16026 | Lair:1   | Received a gift from Sif Muna
 16659 | Lair:2   | Noticed a six-headed hydra
 16925 | Lair:2   | Reached XP level 12. HP: 70/79 MP: 9/19
 17948 | Lair:2   | Noticed Urug
 18736 | Lair:2   | Reached skill level 5 in Evocations
 19024 | Lair:2   | Found a hole to the Spider Nest.
 19229 | Lair:2   | Killed a six-headed hydra
 19732 | Lair:2   | Killed Urug
 19732 | Lair:2   | Reached skill level 1 in Shields
 20400 | Lair:2   | Received a gift from Sif Muna
 20571 | Lair:3   | Noticed Gastronok
 21186 | Lair:2   | Killed Gastronok
 21966 | Lair:3   | Noticed a catoblepas
 22427 | Lair:3   | Found a staircase to the Shoals.
 22626 | Lair:3   | Killed a catoblepas
 22626 | Lair:3   | Reached skill level 13 in Conjurations
 22626 | Lair:3   | Reached XP level 13. HP: 67/83 MP: 4/22
 23787 | Lair:4   | Reached skill level 14 in Conjurations
 24489 | Lair:3   | Slain by an elephant

Levels and vault maps discovered:
D:1:      dpeg_arrival_pits, layout_basic
D:2:      layout_basic
D:3:      layout_basic, uniq_natasha
D:4:      layout_basic, kennysheep_slug_shrine, makhleb_heckhound_becter
D:5:      minmay_chambers_of_threes, layout_basic,
          gammafunk_temple_overflow_forgotten, first_ration
D:6:      layout_loops_cross, minmay_temple_entry_hall, serial_shops, shop,
          gup_sewer_entry_pipe, kennysheep_donut
D:7:      layout_loops_ring, grunt_livestock, due_unseen_surprise
D:8:      layout_cave_pools, lair_entry_dummy, serial_shops,
          nicolae_shop_behind_doors, serial_column_ruins, column_ruins_grid_5,
          column_ruins_circle_medium, column_ruins_corridor_straight,
          column_ruins_grid_1, column_ruins_open_tiny, column_ruins_open_small,
          column_ruins_open_tiny, kennysheep_diamond, uniq_erica
D:9:      layout_rooms, david_orc_5, uniq_prince_ribbit1
D:10:     layout_basic, minivault_14
Temple:   regret_index_temple_mists
Lair:1:   layout_roguey [special_room_bee], serial_bayou_shore_a
Lair:2:   layout_hall_layers, nicolae_spider_entry_non_spiders,
          gauntlet_entry_generic, serial_bayou_pond_a, wad_woods_01,
          serial_bayou_shore_b, uniq_urug
Lair:3:   layout_regular_city, shoals_dummy_entry, beast_lair_carwin_6,
          uniq_gastronok
Lair:4:   layout_misc_corridors, minmay_lair_oklob_chamber,
          infiniplex_staircase_pool

Skill      XL: |  1  2  3  4  5  6  7  8  9 10 11 12 13 |
---------------+----------------------------------------+-----
Stealth        | 3 5 |  5.0
Hexes          | 1 2 3 4 6 |  6.0
Spellcasting   | 3 4 5 6 |  6.0
Conjurations   | 5 6 9 11 12 13 14 | 14.0
Invocations    | 3 4 6 8 |  8.2
Fighting       | 3 5 6 |  6.0
Dodging        | 6 8 9 |  9.8
Evocations     | 4 5 |  5.0
Shields        | 4 |  4.0

Action                   |  1- 3 |  4- 6 |  7- 9 | 10-12 | 13-15 || total
-------------------------+-------+-------+-------+-------+-------++-------
Melee: Dagger            |     8 |    11 |       |     3 |       ||    22
       Unarmed           |     3 |       |       |       |       ||     3
       Short sword       |       |    23 |   209 |   183 |    30 ||   445
       Constrict         |       |     5 |    40 |    28 |     1 ||    74
       Tentacles         |       |     2 |    22 |    26 |     3 ||    53
       Demon trident     |       |       |       |     2 |       ||     2
 Fire: Longbow           |       |       |       |    69 |       ||    69
 Cast: Magic Dart        |    52 |    47 |   129 |   158 |     5 ||   391
       Searing Ray       |     4 |     7 |    20 |    27 |       ||    58
       Fulminant Prism   |       |       |    23 |   134 |    30 ||   187
       Iskenderun's Myst |       |       |     3 |    35 |    15 ||    53
Invok: Channel Magic     |       |       |     1 |     4 |       ||     5
 Abil: Blink             |       |       |       |    12 |     6 ||    18
Evoke: Wand              |       |       |       |     5 |       ||     5
  Use: Scroll            |       |     4 |     8 |    24 |       ||    36
       Potion            |       |       |     1 |     6 |       ||     7
 Stab: Distracted        |       |     1 |     2 |     2 |       ||     5
       Sleeping          |       |       |    15 |     2 |       ||    17
       Petrified         |       |       |       |       |     4 ||     4
  Eat: Chunk             |     3 |     7 |    18 |    27 |     3 ||    58
       Ration            |       |       |     1 |    13 |     2 ||    16
Armor: Skin              |     6 |     1 |    10 |     9 |     3 ||    29
Dodge: Dodged            |    14 |    28 |   134 |   351 |    56 ||   583
Block: Buckler           |       |       |       |    25 |    21 ||    46

Table legend:
 A = Non-vault XP
 B = Vault XP
 C = Vault XP percentage of total XP
 D = Non-vault monster count
 E = Vault monster count
 F = Vault count percentage of total count
                 A         B        C        D         E       F
            +---------+---------+-------+---------+---------+-------
      Total |   28827 |   11064 |  27.7 |     330 |     127 |  27.8
            +---------+---------+-------+---------+---------+-------
        D:1 |      25 |       0 |   0.0 |      14 |       0 |   0.0
        D:2 |      62 |       0 |   0.0 |      17 |       0 |   0.0
        D:3 |     584 |      35 |   5.7 |      42 |       1 |   2.3
        D:4 |     759 |      47 |   5.8 |      31 |       2 |   6.1
        D:5 |     746 |     378 |  33.6 |      23 |      10 |  30.3
        D:6 |     511 |      17 |   3.2 |      14 |       7 |  33.3
        D:7 |     966 |    1066 |  52.5 |      26 |       6 |  18.8
        D:8 |    1693 |     939 |  35.7 |      25 |       3 |  10.7
        D:9 |    2197 |     694 |  24.0 |      34 |      23 |  40.4
       D:10 |    2028 |       0 |   0.0 |      21 |       0 |   0.0
     Lair:1 |    3333 |    2894 |  46.5 |      17 |      33 |  66.0
     Lair:2 |    4218 |    4166 |  49.7 |      21 |      13 |  38.2
     Lair:3 |    7052 |     754 |   9.7 |      29 |       6 |  17.1
     Lair:4 |    4653 |       0 |   0.0 |      16 |       0 |   0.0
      Sewer |       0 |      74 | 100.0 |       0 |      23 | 100.0
            +---------+---------+-------+---------+---------+-------
